 Dungeon Crawl Stone Soup version bcrawl-1.37.1 (webtiles) character file.

Game seed: 1569184978667591600

239389 Morbidden the Shield-Bearer (level 8, -6/52 HPs)
             Began as a Fairy Sloth Apostle on Oct 22, 2022.
             Was a Priest of Cheibriados.
             Engulfed by themself's flame (25 damage)
             ... on level 6 of the Dungeon.
             The game lasted 00:08:00 (5684 turns).

Morbidden the Shield-Bearer (Fairy Sloth Apostle)   Turns: 5684, Time: 00:08:01

Health: -6/52      AC:  6    Str: 17    XL:     8   Next: 93%
Magic:  15/15      EV: 15    Int: 26    God:    Cheibriados [***...]
Gold:   509        SH: 17    Dex: 18    Spells: 13/14 levels left

rFire    . . .     GDR:     29% a - +0 short sword
rCold    . . .     SeeInvis .   b - +0 medium shield
rNeg     . . .     Gourm    .   (armour unavailable)
rPois    .         Faith    .   (no helmet)
rElec    .         Spirit   .   d - +0 cloak
rCorr    .         Reflect  .   (no gloves)
MR       .....     Clarity  +   (no boots)
Stlth    +.........             j - amulet of magic regeneration
HPRegen  0.18/turn              (no ring)
MPRegen  0.32/turn              (no ring)

@: flying evasively, very slow
A: small, magic attunement, unstealthy, unfitting armour, able to fly, AC/SH +5
a: Stop Flying, Bend Time, Defer, Temporal Distortion, Renounce Religion


You were on level 6 of the Dungeon.
You worshipped Cheibriados.
Cheibriados was most pleased with you.
You were very hungry.

You visited 1 branch of the dungeon, and saw 6 of its levels.

You collected 509 gold pieces.

Inventory:

Hand Weapons
 a - a +0 short sword (weapon)
Armour
 b - a +0 medium shield (worn)
 d - a +0 cloak (worn)
Jewellery
 j - an amulet of magic regeneration (around neck)
 v - the ring "Meggoi Ikko" {Fire MR+ Int+2 Dex-2}
   (You found it on level 4 of the Dungeon)

   [ring of fire]

   It enhances your fire magic.
   It affects your intelligence (+2).
   It affects your dexterity (-2).
   It protects you from fire.
   It makes you vulnerable to cold.
   It affects your resistance to hostile enchantments.
Wands
 c - a wand of paralysis (2)
 n - a wand of charming (6)
 w - a wand of random effects (9) (quivered)
Scrolls
 f - a scroll of fog
 g - 7 scrolls of remove curse
 h - a scroll of amnesia
 i - 5 scrolls of identify
 m - a scroll of brand weapon {unknown}
 q - a scroll of fear {unknown}
 r - 2 scrolls of magic mapping
 s - 2 scrolls of enchant armour
 u - 2 scrolls of teleportation
Potions
 k - a potion of curing
 l - a potion of flight
 o - a potion of magic
 p - a potion of ambrosia {unknown}
 t - a potion of cancellation {unknown}
Comestibles
 e - 4 rations {!d}


   Skills:
 * Level 3.5 Fighting
 * Level 5.6 Short Blades
 * Level 5.8 Dodging
 + Level 3.1 Stealth
 * Level 6.1 Shields
 * Level 3.9 Spellcasting
 + Level 2.0 Hexes
 * Level 3.3 Invocations
 * Level 2.7 Evocations


You had 13 spell levels left.
You knew the following spells:

 Your Spells              Type           Power        Failure   Level  Hunger
a - Slow                  Hex            ###.....     63%         1    None
Your spell library was empty.

Dungeon Overview and Level Annotations

Branches:
Dungeon (6/12)             Temple (0/1) D:6

Altars:
Ru
Wu Jian

Annotations:
D:4 3 runed translucent doors, Exe's ghost, amateur MiAc; zoran's ghost, amateur TrMA


Innate Abilities, Weirdness & Mutations

Your spells do not cause hunger and MP costs are reduced by 1.
Your bright wings attract enemies. (Stealth-)
You cannot fit into any form of body armour.
Your shimmering scales are hard and can block incoming attacks. (AC +5, SH +5)
You are small and have problems with some larger weapons.
You can fly continuously.


Message History

The jelly is severely wounded.
The jelly misses you.
No path to travel!
No path to travel!
You hit the jelly.
Your hands burn!
The jelly is severely wounded.
The jelly barely misses you. The crimson imp breathes fire at you.
You block the flame tongue. You block the scorpion's attack.
No path to travel!
No path to travel!
No path to travel!
You hit the jelly.
The jelly explodes!
The fiery explosion engulfs you!!
The fiery explosion engulfs the scorpion!!!
The scorpion dies!
Cheibriados thoroughly appreciates the change of pace.
You are engulfed in blazing flames.
You die...

##....#..#................
.......#.........#.#.#.#.#
..# .....................
.## ..........#.......#.
#### #..J..#............
...## ##...####.#...#.#..
.#..####.....# ##.§.......
.#...##.....## ##§§...#.#.
###..........###@§§.......
...............5.)..######
....#..............##
.>..###.....#.#...##
....#........###..#
....................
###..[#....##(.....##
.#...#.#...# #....##
.#..###.#...# #..##


You could see a crimson imp.

Vanquished Creatures
  Grinder (D:4)
  A slime creature (D:5)
  A yak (D:6)
  A hungry ghost (D:6)
  A sky beast (D:6)
  An ogre (D:5)
  2 bullfrogs (D:5)
  A centaur (D:5)
  2 orc priests (D:5)
  2 crimson imps
  4 hounds
  3 jellies
  An orc wizard (D:5)
  3 worker ants
  A hound zombie (D:5)
  3 adders
  2 oozes
  6 worms
  A dart slug (D:3)
  3 leopard geckos
  14 orcs
  A giant cockroach (D:1)
  2 goblins (D:1)
  10 hobgoblins
  5 jackals
  7 kobolds
  2 quokkas (D:2)
  A ball python (D:2)
  2 bats
  A frilled lizard (D:2)
  A jackal skeleton (D:4)
  10 rats
96 creatures vanquished.

Vanquished Creatures (others)
  A scorpion (D:6)
1 creature vanquished.

Grand Total: 97 creatures vanquished

Notes
Turn   | Place    | Note
-------+----------+-------------------------------------------
     0 | D:1      | Morbidden the Fairy Sloth Apostle began the quest for the
                  | Orb.
     0 | D:1      | Reached XP level 1. HP: 14/14 MP: 4/4
   138 | D:1      | Reached XP level 2. HP: 19/19 MP: 6/6
   766 | D:2      | Reached XP level 3. HP: 14/24 MP: 7/7
   833 | D:2      | Reached skill level 1 in Dodging
   905 | D:2      | Reached * piety under Cheibriados
  1383 | D:2      | Reached skill level 1 in Invocations
  1383 | D:2      | Reached XP level 4. HP: 25/29 MP: 8/8
  1847 | D:3      | Reached ** piety under Cheibriados
  2066 | D:3      | Reached skill level 3 in Shields
  2757 | D:4      | Reached XP level 5. HP: 14/34 MP: 9/9
  2896 | D:4      | Got a twitching copper ring
  2900 | D:4      | Noticed Grinder
  2900 | D:4      | Paralysed by Grinder for 2 turns
  2916 | D:4      | Paralysed by Grinder for 3 turns
  2930 | D:4      | Killed Grinder
  2931 | D:4      | Reached skill level 4 in Shields
  2931 | D:4      | Reached XP level 6. HP: 23/41 MP: 9/11
  3207 | D:4      | Found a runed translucent gate.
  3210 | D:4      | Found a runed translucent gate.
  3210 | D:4      | Found a runed translucent gate.
  3212 | D:4      | Noticed zoran's ghost (amateur TrMA)
  3212 | D:4      | Noticed Exe's ghost (amateur MiAc)
  3312 | D:4      | Found a sacrificial altar of Ru.
  3425 | D:4      | Identified the ring "Meggoi Ikko" {Fire MR+ Int+2 Dex-2}
                  | (You found it on level 4 of the Dungeon)
  3432 | D:5      | Entered Level 5 of the Dungeon
  3445 | D:5      | Reached XP level 7. HP: 13/45 MP: 12/12
  3801 | D:5      | HP: 2/45 [crimson imp/flame tongue (10)]
  3908 | D:5      | Reached *** piety under Cheibriados
  4263 | D:5      | Reached skill level 5 in Shields
  4263 | D:5      | Reached XP level 8. HP: 20/51 MP: 14/14
  4294 | D:5      | HP: 2/51 [hound (2)]
  4463 | D:5      | Found an ornate altar of the Wu Jian Council.
  4933 | D:6      | Reached skill level 5 in Dodging
  5112 | D:6      | Noticed a slime creature
  5142 | D:5      | Killed a slime creature
  5143 | D:5      | Reached skill level 5 in Short Blades
  5473 | D:6      | Found a staircase to the Ecumenical Temple.
  5478 | D:6      | Noticed a yak
  5501 | D:6      | Killed a yak
  5644 | D:6      | Reached skill level 6 in Shields
  5684 | D:6      | Engulfed by themself's flame

Skill      XL: |  1  2  3  4  5  6  7  8 |
---------------+-------------------------+-----
Fighting       | 2 3 |  3.5
Dodging        | 1 2 3 4 5 |  5.8
Invocations    | 1 2 3 |  3.3
Shields        | 3 4 5 6 |  6.1
Short Blades   | 3 4 5 |  5.6
Spellcasting   | 2 3 |  3.9
Stealth        | 3 |  3.1
Evocations     | 2 |  2.7
Hexes          | |  2.0

Action                   |  1- 3 |  4- 6 |  7- 9 || total
-------------------------+-------+-------+-------++-------
Melee: Short sword       |   193 |   214 |   477 ||   884
Evoke: Wand              |       |     2 |     7 ||     9
  Use: Scroll            |     2 |       |     6 ||     8
       Potion            |       |     2 |     3 ||     5
 Stab: Paralysed         |       |     6 |     3 ||     9
  Eat: Chunk             |     7 |     9 |    11 ||    27
       Ration            |       |       |     3 ||     3
Armor: Skin              |    40 |    45 |    78 ||   163
Dodge: Dodged            |    46 |    62 |   169 ||   277
Block: Medium shield     |   114 |   150 |   400 ||   664
